Map: Deathaura LE

Players

Cynicusme - Winner!

  • Race: Zerg Zerg
  • League: Diamond
  • Spawn Location: 5:00

annaKIN

  • Race: Protoss Protoss
  • League: Platinum
  • Spawn Location: 11:00

VOD

Have the link to the VOD?

Description

Time

  • Played on: Sept. 18, 2020, 1:56 a.m.
  • Length: 9:36
Show
View Real Time Build Order
Export as new Build Order

Cynicusme Zerg - Winner!

Build Orders: 3 Hatch before Pool 

Get SALT Encoding   

  12  0:02  Drone  
  13  0:14  Drone  
  14  0:24  Extractor  
  14  0:25  Drone  
  14  0:26  Extractor, Drone  
  16  0:44  Hatchery  
  16  0:50  Hatchery  
  15  0:59  Overlord  
  15  1:17  Drone x3  
  18  1:39  Extractor  
  17  1:41  Spawning Pool  
  16  1:53  Drone x3  
  19  2:28  Queen x2  
  19  2:33  Spine Crawler  
  17  2:37  Zergling x2  
  17  2:38  Zergling x6  
  17  2:39  Spine Crawler  
  20  2:55  Spine Crawler  
  20  3:04  Zergling x12  
  24  3:15  Zergling x4  
  25  3:31  Queen  
  27  3:44  Zergling x2  
  25  4:12  Drone x3  
  28  4:21  Spine Crawler, Overlord x2  
  27  4:26  Spine Crawler  
  25  4:33  Zergling x2  
  25  4:34  Zergling x4  
  24  4:53  Zergling x4  
  24  4:54  Zergling x2  
  23  5:09  Zergling x4  
  22  5:18  Zergling x2  
  22  5:19  Zergling x2  
  22  5:42  Metabolic Boost  
  22  5:45  Spine Crawler  
  21  5:52  Drone x2  
  23  6:02  Drone  
  23  6:03  Drone  
  25  6:06  Drone  
  25  6:23  Zergling x6  
  25  6:25  Zergling x2  
  27  6:34  Zergling x4  
  29  6:40  Zergling x4  
  31  6:56  Drone x2  
  31  6:57  Drone x2  
  31  6:58  Drone  
  36  7:02  Drone  
  31  7:27  Zergling x8  
  31  7:28  Zergling x4  
  34  7:33  Zergling x2  
  33  7:38  Zergling x4  
  12  8:41  Extractor  
Show
View Real Time Build Order
Export as new Build Order

annaKIN Protoss 

Build Orders:  

Get SALT Encoding   

  12  0:03  Probe  
  13  0:15  Probe  
  14  0:38  Pylon  
  14  0:56  Gateway  
  14  0:59  Gateway x2  
  14  1:11  Gateway  
  14  1:20  Probe  
  15  1:32  Probe  
  16  1:45  Zealot x2 (Chrono Boost)  
  22  1:54  Zealot (Chrono Boost)  
  22  1:56  Pylon  
  24  2:18  Zealot (Chrono Boost)  
  24  2:25  Zealot (Chrono Boost)  
  28  2:32  Zealot x2 (Chrono Boost)  
  28  2:45  Zealot (Chrono Boost)  
  28  2:52  Zealot  
  30  3:01  Zealot  
  30  3:11  Pylon, Zealot (Chrono Boost)  
  30  3:17  Zealot (Chrono Boost)  
  30  3:27  Pylon  
  30  3:30  Zealot (Chrono Boost)  
  32  3:36  Zealot (Chrono Boost)  
  26  3:52  Zealot (Chrono Boost)  
  26  3:54  Zealot x2 (Chrono Boost)  
  28  3:56  Zealot (Chrono Boost)  
  26  4:23  Zealot (Chrono Boost)  
  34  4:24  Zealot (Chrono Boost)  
  34  4:25  Zealot x2 (Chrono Boost)  
  34  4:44  Zealot  
  38  4:45  Zealot  
  38  4:50  Zealot x2  
  30  5:12  Zealot (Chrono Boost)  
  30  5:18  Zealot (Chrono Boost)  
  32  5:26  Zealot x2 (Chrono Boost)  
  32  5:33  Zealot (Chrono Boost)  
  32  5:38  Zealot  
  28  5:46  Zealot  
  28  5:51  Zealot  
  30  6:01  Zealot  
  32  6:06  Zealot (Chrono Boost)  
  34  6:17  Zealot (Chrono Boost)  
  26  6:28  Zealot (Chrono Boost)  
  29  6:37  Zealot (Chrono Boost)  
  29  6:39  Zealot (Chrono Boost)  
  29  6:43  Zealot (Chrono Boost)  
  31  6:47  Zealot  
  33  6:57  Zealot  
  33  6:59  Zealot  
  37  7:10  Zealot  
  37  7:14  Zealot  
  35  7:24  Zealot  
  35  7:27  Zealot  
  37  7:41  Zealot  
  37  7:42  Zealot  
  27  8:20  Pylon  
  27  8:26  Assimilator  
Tags
 
Add a new tag
Caveats
  • Supply blocks, unpowered buildings, or Contaminate may cause inaccurate times.
  • Supply counts are checked every 10 seconds.